 Dungeon Crawl Stone Soup version 0.31-a0-981-geadf994542 (webtiles) character file.

Game seed: 3771308138986272205

35294 Vomitron the Unseen (level 13, -3/55 HPs)
             Began as a Spriggan Enchanter on Oct 31, 2023.
             Was a High Priest of Dithmenos.
             Killed by the raging water
             ... invoked by a water nymph
              (29 damage)
             ... on level 3 of the Lair of Beasts on Nov 1, 2023.
             The game lasted 00:51:18 (15716 turns).

Vomitron the Unseen (Spriggan Enchanter)           Turns: 15716, Time: 00:51:19

Health: -3/55      AC:  9    Str:  4    XL:     13   Next: 46%
Magic:  35/39      EV: 26    Int: 28    God:    Dithmenos [*****.]
Gold:   1337       SH:  0    Dex: 23    Spells: 11/34 levels left

rFire   + . .        D - +7 captain's cutlass {speed, disarm}
rCold   . . .        (no shield)
rNeg    . . .        w - +2 animal skin
rPois   +            Q - +3 hat of Pondering {ponderous, Will+ MP+10 Int+5}
rElec   .            J - +1 cloak
rCorr   .            (gloves unavailable)
SInv    +            (boots unavailable)
Will    +++..        e - amulet of regeneration
Stlth   ++++++       q - ring of poison resistance
HPRegen 1.09/turn    A - ring of Hepliaklqana's Grace {rF+ Int+6 Dex+3 Slay+2}
MPRegen 0.26/turn

%: no passive effects
@: confusing by touch, wreathed by umbra, very slow
A: very small, no large weapons, unfitting armour, see invisible, speed 3
a: Renounce Religion, Shadow Step, Shadow Form


You were on level 3 of the Lair of Beasts.
You worshipped Dithmenos.
Dithmenos was extremely pleased with you.
You visited 3 branches of the dungeon, and saw 15 of its levels.

You collected 2122 gold pieces.
You spent 785 gold pieces at shops.

Inventory:

Hand Weapons
 a - a +1 dagger
 d - a +1 short sword of speed
 h - a +0 short sword
 o - a +3 rapier of venom
 D - the +7 captain's cutlass (weapon) {speed, disarm}
   (You acquired it on level 2 of the Dungeon)
 G - a +1 dagger of electrocution
Armour
 b - a +1 robe
 u - an orb of energy
 w - a +2 animal skin (worn)
 J - a +1 cloak (worn)
 L - +0 steam dragon scales
 Q - the +3 hat of Pondering (worn) {ponderous, Will+ MP+10 Int+5}
   (You took it off Gastronok on level 3 of the Lair of Beasts)

   Int+5:     It affects your intelligence (+5).
   Will+:     It increases your willpower.
   MP+10:     It affects your magic capacity (+10).
Jewellery
 e - an amulet of regeneration (around neck)
 k - a ring of magical power
 q - a ring of poison resistance (left hand)
 A - the ring of Hepliaklqana's Grace (right hand) {rF+ Int+6 Dex+3 Slay+2}
   (You found it on level 7 of the Dungeon)

   [ring of intelligence]

   Int+6:     It affects your intelligence (+6).
   Dex+3:     It affects your dexterity (+3).
   Slay+2:    It affects your accuracy & damage with ranged weapons and melee
   (+2).
   rF+:       It protects you from fire.
 R - a +6 ring of intelligence
Wands
 l - a wand of charming (18)
 x - a wand of mindburst (11)
 I - a wand of quicksilver (10)
 O - a wand of flame (3)
Scrolls
 f - a scroll of revelation
 v - a scroll of amnesia
 y - 5 scrolls of fear
 z - a scroll of silence
 F - 2 scrolls of teleportation
 H - 7 scrolls of enchant weapon
 K - 3 scrolls of fog
 M - a scroll of vulnerability
 N - a scroll of poison
 P - a scroll of brand weapon
 S - a scroll of enchant armour
 T - a scroll of torment
Potions
 c - 2 potions of invisibility
 g - 3 potions of degeneration
 i - 6 potions of enlightenment
 j - 2 potions of heal wounds
 m - 2 potions of ambrosia
 n - a potion of lignification
 p - 5 potions of curing
 r - a potion of magic
 s - 2 potions of haste
 t - 3 potions of mutation {unknown}
 B - 2 potions of brilliance
 C - a potion of cancellation {unknown}
 E - a potion of attraction {unknown}


   Skills:
 + Level 12.0 Short Blades
 - Level 9.8 Dodging
 + Level 16.8 Stealth
 + Level 11.1 Spellcasting
 + Level 13.3 Hexes
 - Level 6.0 Translocations
 - Level 4.2 Ice Magic
 + Level 1.6 Air Magic
 - Level 6.1 Invocations


You had 11 spell levels left.
You knew the following spells:

 Your Spells              Type           Power      Damage    Failure   Level
a - Ensorcelled Hibernat  Hex/Ice        100%       N/A       1%          2
b - Confusing Touch       Hex            74%        N/A       1%          3
c - Tukima's Dance        Hex            74%        N/A       1%          3
d - Teleport Other        Tloc           49%        N/A       1%          3
e - Gell's Gravitas       Tloc           49%        N/A       1%          3
f - Passage of Golubria   Tloc           49%        N/A       3%          4
g - Silence               Hex/Air        27%        N/A       4%          5

Your spell library contained the following spells:

 Spells                   Type           Power      Damage    Failure   Level
 Freeze                   Ice            100%       1d10      1%          1
 Lesser Beckoning         Tloc           98%        N/A       1%          2
 Dazzling Flash           Conj/Hex       100%       N/A       1%          3
 Frozen Ramparts          Ice            78%        1d12      1%          3
 Dimensional Bullseye     Hex/Tloc       31%        N/A       1%          4
 Magic Dart               Conj           60%        1d6       3%          1
 Hailstorm                Conj/Ice       27%        3d7       4%          3
 Call Imp                 Summ           30%        N/A       5%          2
 Sublimation of Blood     Necr           15%        N/A       5%          2
 Mephitic Cloud           Conj/Pois/Air  18%        N/A       9%          3
 Ignite Poison            Fire/Tmut/Pois 15%        N/A       11%         3
 Iskenderun's Mystic Bla  Conj/Tloc      32%        2d8       11%         4
 Petrify                  Tmut/Erth      15%        N/A       34%         4
 Sticky Flame             Conj/Fire      15%        2d4       34%         4
 Agony                    Necr           15%        N/A       69%         5
 Irradiate                Conj/Tmut      7%         3d14      69%         5
 Ignition                 Fire           7%         3d5       100%        8
 Lehudib's Crystal Spear  Conj/Erth      7%         10d3      100%        8


Dungeon Overview and Level Annotations

Branches:
Dungeon (11/15)            Temple (1/1) D:7            Lair (3/5) D:11
 Shoals (0/4) Lair:3       Spider (0/4) Lair:2          Orc (0/2) D:11

Altars:
Ashenzari
Cheibriados
Dithmenos
Elyvilon
Fedhas
Gozag
Hepliaklqana
Kikubaaqudgha
Makhleb
Nemelex Xobeh
Okawaru
Qazlal
Ru
Sif Muna
Trog
Uskayaw
Vehumet
Wu Jian
Xom
Yredelemnul
Zin
The Shining One

Shops:
D:2 ?   D:4 *   D:5 (

Annotations:
D:9 2 transporters


Innate Abilities, Weirdness & Mutations

You are very small and have problems with some larger weapons.
You are too small for most types of armour.
You have supernaturally acute eyesight. (SInv)
You cover ground extremely quickly. (Speed+++)


Message History

Your hands begin to glow red.
The water nymph touches you. The water nymph drowns you!
Splash!
You fall into the shallow water.
Moving in this stuff is going to be slow.
Your unstable footing causes you to fumble your attack.
Unknown command.
You closely miss the water nymph. The water nymph touches you.
The water nymph drowns you!
Unknown command.
Splash!
You fall into the shallow water.
Moving in this stuff is going to be slow.
The water nymph attacks as it pursues you!
The water nymph touches you. The water nymph drowns you!
The water nymph misses you.
Splash!
You fall into the shallow water.
Moving in this stuff is going to be slow.
The water nymph completely misses you.
The water nymph attacks as it pursues you!
The water nymph closely misses you.
Splash!
You fall into the shallow water.
Moving in this stuff is going to be slow.
You hit the water nymph but do no damage.
Your shadow closely misses the water nymph.
You hit the water nymph but do no damage.
Your shadow hits the water nymph with a rapier!
The water nymph touches you. The water nymph drowns you!
Splash!
You fall into the shallow water.
Moving in this stuff is going to be slow.
You hit the water nymph but do no damage.
The water nymph is lightly wounded.
Your unstable footing causes you to fumble your attack.
The water nymph points at you and mumbles some strange words.
The water swirls and strikes you!!
Ouch! That really hurt!
You die...

#.#....## ### ####....##
#.... #.....#### ######
##....# #.#..
#...##...###.#P.# ##...#
##... #....#...........###
##...# ##..
##.......##.#....#.###.#..#
#.#.
#.......#~#~.##...#.......##
##..
##.....##~~~~###...........#
##..
#......#~~~~~~.~...##P..#.##
#..#
##..~~~..~~>.~.~@~#########
#### ...~~~..~~..~##m##
#>.~#~#~~~~~###~P##
..~~##~~~#~~..#
...~#~#~~~~~## ......~~.~..#
.....PP~.....#
./P..###..#....# ....
......#..#


You could see a water nymph.

Vanquished Creatures
  Gastronok (Lair:3)
  Josephine (D:11)
  Erolcha (D:9)
  2 hydras
  4 two-headed ogres
  A skeletal warrior (D:9)
  A cyclops (D:11)
  2 manticores (D:11)
  2 black mambas
  3 elephants (Lair:1)
  A gargoyle (D:11)
  9 cane toads
  Jeremiah (D:6)
  4 rime drakes
  8 komodo dragons
  2 trolls
  A hornet (D:10)
  4 polar bears (Lair:2)
  5 blink frogs (Lair:1)
  7 dream sheep (Lair:3)
  5 wyverns
  A vampire (D:11)
  3 jumping spiders (Lair:2)
  A shadow (D:11)
  3 wraiths (D:11)
  47 yaks
  Grum (D:9)
  Eustachio (D:6)
  2 basilisks
  A redback (Lair:2)
  3 steam dragons
  6 water moccasins
  2 ice beasts
  2 black bears
  2 orc warriors
  2 sky beasts
  An ogre (D:6)
  12 wolves
  A centaur (D:9)
  A phantom (D:5)
  11 bullfrogs
  A kobold brigand (D:6)
  5 gnoll sergeants
  9 wights
  20 killer bees
  5 howler monkeys
  4 jellies
  4 orc priests
  A hound (D:5)
  5 iguanas
  6 orc wizards
  Robin (D:3)
  25 gnolls
  9 adders
  A shadow imp (D:7)
  2 dart slugs
  23 orcs
  2 ball pythons
  8 endoplasms
  3 giant cockroaches
  11 goblins
  10 hobgoblins
  15 jackals
  13 kobolds
  4 quokkas
  3 bats
  2 frilled lizards
  2 rats (D:2)
362 creatures vanquished.

Vanquished Creatures (collateral kills)
  2 gnoll sergeants
  5 wights
  2 gnolls
9 creatures vanquished.

Vanquished Creatures (others)
  A dancing weapon (D:9)
1 creature vanquished.

Grand Total: 372 creatures vanquished

Notes
Turn   | Place    | Note
-------+----------+-------------------------------------------
     0 | D:1      | Vomitron the Spriggan Enchanter began the quest for the
                  | Orb.
     0 | D:1      | Reached XP level 1. HP: 9/9 MP: 5/5
   382 | D:1      | Reached XP level 2. HP: 13/13 MP: 6/6
   974 | D:1      | Reached XP level 3. HP: 16/16 MP: 8/8
  1265 | D:2      | Reached skill level 5 in Stealth
  1350 | D:1      | Learned a level 2 spell: Ensorcelled Hibernation
  1354 | D:1      | Learned a level 3 spell: Confusing Touch
  1616 | D:2      | Reached XP level 4. HP: 21/21 MP: 9/9
  2056 | D:2      | Found Bedul's Magic Scroll Shoppe.
  2062 | D:2      | You fall into a shaft and drop 2 floors!
  2089 | D:4      | Found a snail-covered altar of Cheibriados.
  2120 | D:4      | Noticed a phantom
  2751 | D:2      | Reached XP level 5. HP: 24/24 MP: 10/10
  2916 | D:3      | Found a basalt altar of Yredelemnul.
  3129 | D:3      | Noticed Robin
  3232 | D:3      | Killed Robin
  3511 | D:4      | Reached skill level 10 in Stealth
  3511 | D:4      | Reached XP level 6. HP: 28/28 MP: 11/11
  3683 | D:4      | Found Jextaetz's Neck Hole.
  3790 | D:4      | Found the +7 staff of the Meek {protect, meekguard}
  4046 | D:4      | Noticed an ice beast
  4049 | D:4      | Killed an ice beast
  4050 | D:4      | Reached XP level 7. HP: 32/32 MP: 12/12
  4055 | D:4      | Found a blossoming altar of Fedhas.
  4241 | D:5      | Entered Level 5 of the Dungeon
  4341 | D:5      | Found Vonyfum's Antique Weapon Shoppe.
  5152 | D:5      | Found a bloodstained altar of Trog.
  5440 | D:6      | Reached XP level 8. HP: 30/36 MP: 14/14
  5539 | D:6      | Noticed Jeremiah
  5705 | D:6      | Killed Jeremiah
  5706 | D:6      | Reached skill level 11 in Stealth
  5964 | D:6      | Noticed Eustachio
  5969 | D:6      | Killed Eustachio
  6255 | D:7      | Reached XP level 9. HP: 39/39 MP: 16/16
  6468 | D:7      | Noticed a troll
  6472 | D:7      | Killed a troll
  6793 | D:7      | Identified the ring of Hepliaklqana's Grace {rF+ Int+6
                  | Dex+3 Slay+2}
  6855 | D:7      | Learned a level 3 spell: Tukima's Dance
  7053 | D:7      | Found a staircase to the Ecumenical Temple.
  7171 | Temple   | Entered the Ecumenical Temple
  7185 | Temple   | Became a worshipper of Dithmenos the Shadowed
  7300 | D:7      | Learned a level 3 spell: Teleport Other
  7334 | D:8      | Identified the +1 leather armour "Qefah" {-Cast -Tele rPois
                  | Stlth+}
  7358 | D:8      | Reached skill level 1 in Translocations
  7414 | D:8      | Found an iron altar of Okawaru.
  7425 | D:8      | Reached skill level 5 in Spellcasting
  7620 | D:8      | Reached skill level 12 in Stealth
  7634 | D:8      | Reached * piety under Dithmenos
  7763 | D:8      | Found a shimmering altar of Xom.
  7841 | D:8      | Noticed a two-headed ogre
  7847 | D:8      | Killed a two-headed ogre
  7848 | D:8      | Reached XP level 10. HP: 44/44 MP: 16/19
  8144 | D:8      | Found a broken altar of Ashenzari.
  8618 | D:9      | Found a transporter.
  8678 | D:9      | Noticed a two-headed ogre
  8686 | D:9      | Killed a two-headed ogre
  8687 | D:9      | Reached skill level 10 in Hexes
  8724 | D:9      | Reached skill level 5 in Translocations
  8736 | D:9      | Reached ** piety under Dithmenos
  8784 | D:9      | Noticed Erolcha
  8883 | D:9      | Learned a level 3 spell: Gell's Gravitas
  8963 | D:9      | Reached skill level 13 in Stealth
  8964 | D:9      | Noticed Grum
  9110 | D:9      | Killed Grum
  9192 | D:9      | Noticed a seven-headed hydra
  9208 | D:9      | Killed Erolcha
  9209 | D:9      | Reached XP level 11. HP: 47/47 MP: 17/22
  9261 | D:9      | Killed a seven-headed hydra
  9371 | D:9      | Found a transporter.
  9495 | D:9      | Noticed a skeletal warrior
  9898 | D:9      | Killed a skeletal warrior
  9945 | D:10     | Entered Level 10 of the Dungeon
 10045 | D:10     | Reached *** piety under Dithmenos
 10141 | D:10     | Reached skill level 1 in Invocations
 10158 | D:10     | Reached skill level 14 in Stealth
 10470 | D:10     | Found a glowing silver altar of Zin.
 10471 | D:10     | Found an opulent altar of Gozag.
 11127 | D:11     | Identified a scroll of acquirement
 11127 | D:11     | Acquired 1259 gold pieces
 11275 | D:2      | Bought a scroll of acquirement for 624 gold pieces
 11276 | D:2      | Acquired the +7 captain's cutlass {speed, disarm}
 11276 | D:2      | Found the +7 captain's cutlass {speed, disarm}
 11331 | D:4      | Bought a +1 cloak for 161 gold pieces
 11537 | D:11     | Reached skill level 10 in Short Blades
 11774 | D:11     | Noticed a two-headed ogre
 11781 | D:11     | Killed a two-headed ogre
 12150 | D:11     | Noticed a two-headed ogre
 12151 | D:11     | Reached XP level 12. HP: 51/51 MP: 16/25
 12179 | D:11     | Reached **** piety under Dithmenos
 12187 | D:11     | Killed a two-headed ogre
 12201 | D:11     | Reached skill level 15 in Stealth
 12246 | D:11     | Noticed Josephine
 12250 | D:11     | Killed Josephine
 12441 | D:11     | Found a staircase to the Lair.
 12510 | D:11     | Found a staircase to the Orcish Mines.
 12847 | Gauntlet | Identified the of Plog
 12847 | Gauntlet | Identified the "Pyugaojimn"
 12847 | Lair:1   | Entered Level 1 of the Lair of Beasts
 13049 | Lair:1   | Reached skill level 10 in Spellcasting
 13083 | Lair:1   | Reached skill level 5 in Invocations
 13275 | Lair:1   | Reached ***** piety under Dithmenos
 13462 | Lair:1   | Reached skill level 16 in Stealth
 13540 | Lair:1   | Reached XP level 13. HP: 55/55 MP: 28/28
 14116 | Lair:2   | Found a hole to the Spider Nest.
 14565 | Lair:2   | Learned a level 4 spell: Passage of Golubria
 14571 | Lair:2   | Learned a level 5 spell: Silence
 15230 | Lair:3   | Reached skill level 1 in Air Magic
 15393 | Lair:3   | Noticed Gastronok
 15397 | Lair:3   | Killed Gastronok
 15716 | Lair:3   | Killed from afar by a water nymph

Illustrated notes

Levels and vault maps discovered:
D:1:      dreamdust_arrival_beginning_and_end, layout_rooms
D:2:      layout_basic, serial_shops, shop, nicolae_half_adder
D:3:      layout_basic, mainiacjoe_overflow_24_doors, uniq_robin
D:4:      layout_loops_cross, cheibriados_altar_1, mainiacjoe_overflow_chevrons,
          minmay_misc_feat_five, st_stairs_11, nicolae_shop_sticking_my_neck_out
D:5:      layout_loops_ring, lightli_temple_of_fire, serial_shops, shop,
          dk_rats_in_the_wall
D:6:      layout_loops_ring, uniq_jeremiah, uniq_eustachio
D:7:      nicolae_cairo_tiling_very_big, layout_layer_cave,
          minmay_temple_entry_butterflies
D:8:      layout_gridville, okawaru_metal_pillars_1_2,
          cheibrodos_ashenzari_chains, mainiacjoe_overflow_six_doors_small,
          kennysheep_small_square
D:9:      gammafunk_steamed_eel, layout_rooms, kennysheep_minor_cross,
          minmay_bent, uniq_grum, uniq_erolcha
D:10:     layout_basic, grunt_temple_overflow_gold_and_silver
D:11:     layout_loops_corners, david_lair_generic, orc_0_dummy,
          minmay_increasing_density, uniq_josephine
Temple:   nicolae_temple_god_jail
Lair:1:   dreamdust_cave_troll, layout_regular_city, beast_lair_carwin_6,
          grunt_megastairs_1
Lair:2:   layout_chaotic_city, spider_nest_entry_a, cheibrodos_lair_lostbears
Lair:3:   layout_concentric_octagons, nicolae_shoals_entry_flooding,
          special_room [special_room_bee], uniq_gastronok

Skill      XL: |  1  2  3  4  5  6  7  8  9 10 11 12 13 |
---------------+----------------------------------------+-----
Dodging        | 3 4 8 9 |  9.8
Spellcasting   | 3 4 5 7 8 10 11 | 11.1
Hexes          | 4 7 8 9 10 11 12 13 | 13.3
Stealth        | 5 10 11 12 13 14 16 | 16.8
Short Blades   | 2 3 6 7 8 9 10 11 12 | 12.0
Ice Magic      | 4 |  4.2
Translocations | 3 5 6 |  6.0
Invocations    | 3 5 6 |  6.1
Air Magic      | 1 |  1.6

Action                     |  1- 3 |  4- 6 |  7- 9 | 10-12 | 13-15 || total
---------------------------+-------+-------+-------+-------+-------++-------
  Melee: Dagger            |   163 |    33 |       |       |       ||   196
         Punch             |     2 |     4 |     3 |     6 |     3 ||    18
         Rapier            |       |    84 |   163 |   302 |       ||   549
         Cutlass           |       |       |       |   343 |   169 ||   512
   Cast: Ensorcelled Hiber |     6 |    24 |    41 |    56 |    26 ||   153
         Tukima's Dance    |       |       |     5 |    12 |       ||    17
         Confusing Touch   |       |       |     4 |    24 |     9 ||    37
    Use: Scroll            |       |     8 |     8 |     6 |     5 ||    27
         Potion            |       |     1 |       |       |       ||     1
   Stab: Sleeping          |     6 |    24 |    34 |    52 |    20 ||   136
         Distracted        |     2 |       |     2 |     3 |     1 ||     8
         Confused          |       |       |     2 |    14 |     7 ||    23
 Armour: Robe              |    43 |    21 |       |       |       ||    64
         Animal skin       |       |     6 |    33 |    89 |    35 ||   163
  Dodge: Dodged            |   133 |    67 |   182 |   431 |   128 ||   941

Table legend: (Time is in decaauts)
 A = Elapsed time spent in this place.
 B = Non-inter-level travel time spent in this place.
 C = Inter-level travel time spent in this place.
 D = Time resting spent in this place.
 E = Time spent auto-exploring this place.
 F = Levels seen in this place.
 G = Mean time per level.
                   A        B        C        D        E       F      G
               +--------+--------+--------+--------+--------+-----+--------+
         Total |  10745 |  10007 |    738 |    983 |   5593 |  15 |  716.3 |
       Dungeon |   8812 |   8116 |    696 |    896 |   4399 |  11 |  801.1 |
        Temple |     19 |     19 |      0 |      0 |      0 |   1 |   19.0 |
          Lair |   1913 |   1871 |     42 |     87 |   1193 |   3 |  637.7 |
               +--------+--------+--------+--------+--------+-----+--------+

Top non-repeatable levels by time:
     D:9: 1002 daAuts
     D:8: 932 daAuts
     D:2: 901 daAuts
    D:11: 881 daAuts
     D:1: 840 daAuts
  Lair:1: 807 daAuts
    D:10: 776 daAuts
     D:7: 757 daAuts
     D:5: 745 daAuts
     D:3: 667 daAuts
     D:4: 659 daAuts
     D:6: 648 daAuts
  Lair:2: 575 daAuts
  Lair:3: 530 daAuts
  Temple: 19 daAuts
